 Dungeon Crawl Stone Soup version 0.22-a0-618-gd6a3efe (webtiles) character file.

170 yoda5477 the Stinger (level 5, -6/40 HPs)
             Began as a Draconian Venom Mage on July 13, 2018.
             Was an Initiate of Sif Muna.
             Killed by nerve-wracking pain
             ... invoked by a shadow imp
              (9 damage)
             ... on level 4 of the Dungeon.
             The game lasted 00:24:03 (3639 turns).

yoda5477 the Stinger (Draconian Venom Mage)         Turns: 3639, Time: 00:24:04

Health: -6/40      AC:  7    Str: 10    XL:     5   Next: 26%
Magic:  8/9        EV: 15    Int: 20    God:    Sif Muna [......]
Gold:   120        SH:  0    Dex: 11    Spells: 6/9 levels left

rFire    . . .     SeeInvis .   e - -2 dagger (curse)
rCold    . . .     Gourm    +   (no shield)
rNeg     . . .     Faith    .   (armour unavailable)
rPois    .         Spirit   .   (helmet restricted)
rElec    .         Reflect  .   (no cloak)
rCorr    .         Harm     .   y - +1 pair of gloves
MR       .....                  (no boots)
Stlth    ++........             u - amulet of the gourmand
HPRegen  0.13/turn              c - +3 ring of evasion
MPRegen  0.11/turn              v - +3 ring of intelligence

@: no status effects
A: unfitting armour, cold-blooded, AC +5
a: Renounce Religion


You were on level 4 of the Dungeon.
You worshipped Sif Muna.
Sif Muna was noncommittal.
You were not hungry.

You visited 2 branches of the dungeon, and saw 5 of its levels.

You collected 120 gold pieces.

Inventory:

Hand Weapons
 e - a cursed -2 dagger (weapon)
 f - a +0 mace
 k - a +0 dagger
 l - a +1 vampiric short sword
 o - a +0 war axe
 q - a +1 flail of crushing
 r - a +0 hand axe of venom
 t - a +3 dagger of protection
 x - a +0 falchion
Missiles
 g - a throwing net (quivered)
Armour
 y - a +1 pair of gloves (worn)
Jewellery
 c - a +3 ring of evasion (left hand)
 u - an amulet of the gourmand (around neck)
 v - a +3 ring of intelligence (right hand)
Wands
 p - a wand of disintegration (19)
 s - a wand of paralysis (3)
Scrolls
 d - 2 scrolls of identify
 h - 2 scrolls of teleportation
Potions
 a - a potion of lignification {unknown}
 i - 5 potions of haste {unknown}
 j - 3 potions of agility {unknown}
 m - a potion of magic {unknown}
Comestibles
 b - 8 rations


   Skills:
 * Level 1.6 Fighting
 - Level 1.7 Dodging
 + Level 2.0 Stealth
 + Level 2.9 Spellcasting
 * Level 2.4 Conjurations
 + Level 1.0 Air Magic
 + Level 4.2 Poison Magic


You had 6 spell levels left.
You knew the following spells:

 Your Spells              Type           Power        Failure   Level  Hunger
a - Sting                 Conj/Pois      ###.         3%          1    None
b - Poisonous Vapours     Pois/Air       ##....       8%          2    ##.....

Your spell library contained the following spells:

 Spells                   Type           Power        Failure   Level  Hunger
 Mephitic Cloud           Conj/Pois/Air  ##......     16%         3    ###....
 Venom Bolt               Conj/Pois      ###.......   71%         5    ######.
 Olgreb's Toxic Radiance  Pois           ###.....     26%         4    ####...


Dungeon Overview and Level Annotations

Branches:
Dungeon (4/15)             Temple (1/1) D:4

Altars:
Ashenzari
Dithmenos
Elyvilon
Kikubaaqudgha
Makhleb
Ru
Sif Muna
Uskayaw
Xom
Zin
The Shining One

Annotations:
D:4 Dowan, Duvessa


Innate Abilities, Weirdness & Mutations

Your plain brown scales are hard. (AC +5)
You cannot fit into any form of body armour.
You are cold-blooded and may be slowed by cold attacks.


Message History

The shadow imp hits you but does no damage.
You hit the shadow imp but do no damage.
The shadow imp is heavily wounded.
The shadow imp hits you.
You barely miss the shadow imp.
The shadow imp is heavily wounded.
The shadow imp gestures at you. Pain shoots through your body!
* * * LOW HITPOINT WARNING * * *
You hit the shadow imp but do no damage.
The shadow imp is heavily wounded.
The shadow imp closely misses you.
You hit the shadow imp but do no damage.
The shadow imp is heavily wounded.
The shadow imp hits you.
* * * LOW HITPOINT WARNING * * *
The shadow imp shouts, "Away with thee, thou skyhacking nose-picking measle!"
The shadow imp gestures at you. Pain shoots through your body!
You die...

..#
#^#.#..#..#..........#.#
..#
#......#..#######..#.#.#
..# ##........# #..#.#..
.## #........# #.(#.### .#
#........# #..#.. .#
#.....#..############
.##########.....#.>........
........)......[#.#########
..[..[..........@.5########
..........................#
............####...###.?...
............# #...# #.#
............# #####
............# ............#
............# ............#


You could see a shadow imp.

Vanquished Creatures
  Ijyb (D:3)
  A worker ant (D:4)
  4 adders
  2 oozes (D:4)
  An adder skeleton (D:4)
  2 dart slugs (D:1)
  2 leopard geckos (D:4)
  9 orcs
  2 ball pythons
  2 giant cockroaches
  6 hobgoblins
  3 jackals (D:4)
  A quokka (D:4)
  6 bats
  2 frilled lizards
  7 goblins
  5 kobolds
  3 rats
59 creatures vanquished.

Notes
Turn   | Place    | Note
-------+----------+-------------------------------------------
     0 | D:1      | yoda5477 the Draconian Venom Mage began the quest for the Orb.
     0 | D:1      | Reached XP level 1. HP: 14/14 MP: 3/3
   315 | D:1      | Reached XP level 2. HP: 20/20 MP: 0/5
   437 | D:1      | Learned a level 2 spell: Poisonous Vapours
  1338 | D:2      | Reached skill level 1 in Fighting
  1338 | D:2      | Reached XP level 3. HP: 28/28 MP: 0/6
  2010 | D:2      | Reached XP level 4. HP: 29/35 MP: 4/7
  2323 | D:3      | Noticed Ijyb
  2326 | D:3      | Paralysed by Ijyb for 5 turns
  2336 | D:3      | Killed Ijyb
  2336 | D:3      | Reached skill level 4 in Poison Magic
  2741 | D:4      | Found a glowing golden altar of the Shining One.
  2762 | D:4      | Noticed a phantom
  2929 | D:4      | Reached XP level 5. HP: 33/40 MP: 2/9
  2935 | D:4      | Found a white marble altar of Elyvilon.
  3034 | D:4      | Noticed Dowan
  3035 | D:4      | Noticed Duvessa
  3095 | D:4      | Found a shattered altar of Ashenzari.
  3114 | D:4      | Reached skill level 1 in Air Magic
  3220 | D:4      | Found a staircase to the Ecumenical Temple.
  3225 | Temple   | Entered the Ecumenical Temple
  3231 | Temple   | Became a worshipper of Sif Muna the Loreminder
  3636 | D:4      | HP: 2/40 [shadow imp (5)]
  3639 | D:4      | Killed from afar by a shadow imp

Vault maps used:
D:1:      lemuel_arrival_tunnels
D:2:      first_ration
D:3:      guppyfry_early_orc_mine, uniq_ijyb
D:4:      kennysheep_mini, lemuel_crystal_altar, nicolae_overflow_crystal_walls,
          evilmike_ruin_ashenzari, temple_statues, columned_hall_lemuel,
          uniq_duvessa
Temple:   eino_narrow_crystal_temple

Skill      XL: |  1  2  3  4  5 |
---------------+----------------+-----
Fighting       | 1 |  1.6
Stealth        | 2 |  2.0
Conjurations   | 2 |  2.4
Poison Magic   | 4 |  4.2
Air Magic      | 1 |  1.0
Dodging        | |  1.7
Spellcasting   | |  2.9

Action                   |  1- 3 |  4- 6 || total
-------------------------+-------+-------++-------
Melee: Unarmed           |    21 |       ||    21
       Tailslap          |     5 |     9 ||    14
       Dagger            |    19 |    94 ||   113
 Cast: Sting             |    50 |     8 ||    58
       Poisonous Vapours |    10 |    24 ||    34
  Use: Scroll            |     2 |     4 ||     6
  Eat: Chunk             |     5 |    11 ||    16
Armor: Skin              |    12 |    20 ||    32
Dodge: Dodged            |    48 |    67 ||   115

Table legend:
 A = Spawn XP
 B = Non-spawn XP
 C = Spawn XP percentage of total XP
 D = Spawn monster count
 E = Non-spawn monster count
 F = Spawn count percentage of total count
 G = Total turns spent on level
                    A         B        C        D         E        F      G
               +---------+---------+-------+---------+---------+-------+---------
         Total |       0 |     244 |   0.0 |       0 |      59 |   0.0 |  3639
               +---------+---------+-------+---------+---------+-------+---------
           D:1 |       0 |      33 |   0.0 |       0 |      18 |   0.0 |  1216
           D:2 |       0 |      57 |   0.0 |       0 |      12 |   0.0 |   703
           D:3 |       0 |      67 |   0.0 |       0 |      15 |   0.0 |   831
           D:4 |       0 |      87 |   0.0 |       0 |      14 |   0.0 |   876
               +---------+---------+-------+---------+---------+-------+---------
